 Dungeon Crawl Stone Soup version 0.28.0 (webtiles) character file.

Game seed: 18031660262258532893

3653 browni3141 the Fighter (level 9, -6/124 HPs)
             Began as a Minotaur Berserker on Feb 16, 2022.
             Was a Priest of Trog.
             Mangled by a skeletal warrior (12 damage)
             ... on level 9 of the Dungeon.
             The game lasted 00:04:32 (11641 turns).

browni3141 the Fighter (Minotaur Berserker)        Turns: 11641, Time: 00:04:33

Health: -6/124     AC: 12    Str: 27    XL:     9   Next: 88%
Magic:  8/8        EV:  8    Int:  4    God:    Trog [***...]
Gold:   388        SH:  9    Dex:  9    Spells: 8/8 levels left

rFire   . . .      SeeInvis .   t - +0 war axe
rCold   . . .      Faith    .   s - +0 kite shield
rNeg    . . .      Spirit   .   A - +0 chain mail
rPois   .          Reflect  .   (helmet restricted)
rElec   .          Harm     .   (no cloak)
rCorr   .          Rampage  .   (no gloves)
Will    .....                   c - +0 pair of boots
Stlth   ..........              (no amulet)
HPRegen 0.30/turn               (no ring)
MPRegen 0.11/turn               (no ring)

@: berserking (expiring), very quick
A: horns 2, retaliatory headbutt
a: Renounce Religion, Berserk, Trog's Hand


You were on level 9 of the Dungeon.
You worshipped Trog.
Trog was most pleased with you.
You visited 1 branch of the dungeon, and saw 9 of its levels.
You also visited: Sewer.

You collected 388 gold pieces.

Inventory:

Hand Weapons
 a - a +0 hand axe
 t - a +0 war axe (weapon)
Missiles
 g - a throwing net (quivered)
Armour
 b - a +0 animal skin
 c - a +0 pair of boots (worn)
 s - a +0 kite shield (worn)
 A - a +0 chain mail (worn)
Wands
 z - a wand of iceblast (8)
 B - a wand of charming (5)
 D - a wand of mindburst (19)
 E - a wand of flame (27)
Scrolls
 e - 6 scrolls of teleportation {unknown}
 h - a scroll of fear {unknown}
 l - a scroll of amnesia {unknown}
 m - 5 scrolls of identify {unknown}
 p - 3 scrolls of blinking {unknown}
 r - 4 scrolls of noise
 u - a scroll of holy word {unknown}
 v - a scroll of silence {unknown}
 y - a scroll of immolation {unknown}
 C - a scroll of enchant armour {unknown}
Potions
 d - 4 potions of curing {unknown}
 f - a potion of lignification {unknown}
 i - 2 potions of invisibility {unknown}
 j - 2 potions of attraction {unknown}
 k - 2 potions of mutation
 n - 4 potions of haste {unknown}
 o - a potion of cancellation {unknown}
 q - 5 potions of flight
 w - 2 potions of might {unknown}
 x - a potion of berserk rage {unknown}
 F - a potion of brilliance {unknown}


   Skills:
 + Level 9.3 Fighting
 + Level 9.3 Axes
 + Level 8.9 Armour
 - Level 2.1 Dodging
 * Level 8.3 Shields


You had 8 spell levels left.
You didn't know any spells.
Your spell library was empty.

Dungeon Overview and Level Annotations

Branches:
Dungeon (9/15)             Temple (0/1) D:6           Sewer (visited)
   Lair: D:8-11         Orc: D:9-12

Altars:
Vehumet

Annotations:
D:9 exclusion: orange crystal statue


Innate Abilities, Weirdness & Mutations

You have a pair of horns on your head.
You reflexively headbutt those who attack you in melee.


Message History

You closely miss the skeletal warrior.
The skeletal warrior hits you with a +0 scimitar!!
A skeletal warrior is nearby!
A skeletal warrior is nearby!
You hit the skeletal warrior. You headbutt the skeletal warrior!
The skeletal warrior is lightly damaged.
You block the skeletal warrior's attack. x2
You hit the skeletal warrior but do no damage.
The skeletal warrior is lightly damaged.
The skeletal warrior hits you with a +0 scimitar!!
A red film seems to cover your vision as you go berserk!
You feel yourself moving faster!
You feel mighty!
The skeletal warrior hits you with a +0 scimitar!
* * * LOW HITPOINT WARNING * * *
You hit the skeletal warrior but do no damage.
The skeletal warrior is lightly damaged.
You block the skeletal warrior's attack.
You are too injured to fight recklessly!
You closely miss the skeletal warrior.
The skeletal warrior is lightly damaged.
You are too injured to fight recklessly!
You closely miss the skeletal warrior.
You headbutt the skeletal warrior, but do no damage.
The skeletal warrior is lightly damaged.
The skeletal warrior hits you but does no damage.
You are too injured to fight recklessly!
You barely miss the skeletal warrior.
The skeletal warrior is lightly damaged.
The skeletal warrior hits you with a +0 scimitar!!
* * * LOW HITPOINT WARNING * * *
You are too injured to fight recklessly!
You closely miss the skeletal warrior.
You headbutt the skeletal warrior, but do no damage.
The skeletal warrior is lightly damaged.
You block the skeletal warrior's attack.
You hit the skeletal warrior.
Your headbutt misses the skeletal warrior.
The skeletal warrior is lightly damaged.
The skeletal warrior hits you with a +0 scimitar!
You die...

...........#.#
.............#
.......<.....#
.............########
.....................
.....................
..............########
......########.......#
###.#.#......@######.#
#...#.######z....#
####.#


You could see a skeletal warrior.

Vanquished Creatures
  A yak (D:8)
  2 steam dragons
  2 water moccasins
  3 ice beasts
  2 orc warriors
  2 sky beasts
  A black bear (D:7)
  5 ogres
  A necrophage (D:7)
  A centaur (D:7)
  A phantom (D:6)
  A gnoll sergeant (D:5)
  3 bullfrogs
  3 scorpions
  A water moccasin zombie (D:5)
  A wyvern skeleton (D:7)
  7 wights
  2 centaur skeletons
  A jelly (D:8)
  2 orc priests
  A bullfrog skeleton (D:7)
  A hound (D:4)
  2 iguanas
  An orc wizard (D:6)
  Terence (D:3)
  A killer bee zombie (D:6)
  12 gnolls
  14 adders
  7 river rats
  5 white imps
  An adder skeleton (D:4)
  4 worms
  3 dart slugs
  22 orcs
  10 bats
  7 endoplasms
  4 giant cockroaches
  3 goblins
  7 hobgoblins
  7 jackals
  7 quokkas
  10 ball pythons
  5 frilled lizards
  7 kobolds
  A rat (D:1)
185 creatures vanquished.

Vanquished Creatures (others)
  2 fungi (D:4)
2 creatures vanquished.

Grand Total: 187 creatures vanquished

Notes
Turn   | Place    | Note
-------+----------+-------------------------------------------
     0 | D:1      | browni3141 the Minotaur Berserker began the quest for the
                  | Orb.
     0 | D:1      | Reached XP level 1. HP: 19/19 MP: 0/0
   157 | D:1      | Found a faded altar of an unknown god.
   350 | D:1      | Reached XP level 2. HP: 25/27 MP: 1/1
   766 | D:1      | Reached XP level 3. HP: 27/33 MP: 2/2
  1322 | D:2      | You fall into a shaft and drop 1 floor!
  1442 | D:2      | Reached XP level 4. HP: 33/41 MP: 3/3
  2283 | D:3      | Noticed Terence
  2289 | D:3      | Killed Terence
  2290 | D:3      | Reached skill level 5 in Axes
  2290 | D:3      | Reached XP level 5. HP: 47/47 MP: 4/4
  2457 | D:3      | Reached skill level 5 in Fighting
  2608 | D:3      | Reached ** piety under Trog
  2951 | D:4      | Found a radiant altar of Vehumet.
  3165 | D:4      | Reached XP level 6. HP: 12/56 MP: 5/5
  3560 | D:4      | Reached skill level 5 in Armour
  4438 | D:5      | Entered Level 5 of the Dungeon
  4635 | D:5      | Reached XP level 7. HP: 52/63 MP: 6/6
  5094 | D:5      | Found a glowing drain.
  5098 | Sewer    | Entered a sewer
  6525 | D:5      | Reached skill level 1 in Shields
  6647 | D:5      | Reached XP level 8. HP: 73/73 MP: 7/7
  7735 | D:6      | Reached *** piety under Trog
  7755 | D:6      | Reached skill level 5 in Shields
  7980 | D:6      | Found a staircase to the Ecumenical Temple.
  8253 | D:7      | Reached XP level 9. HP: 43/81 MP: 8/8
 11615 | D:9      | Noticed an orange crystal statue
 11631 | D:9      | Noticed a skeletal warrior
 11639 | D:9      | HP: 6/124 [skeletal warrior (21)]
 11641 | D:9      | Mangled by a skeletal warrior

Illustrated notes

Levels and vault maps discovered:
D:1:      lightli_arrival_chessboard, layout_loops_ring,
          shapermc_ecumenical_altar_flowoftime
D:2:      layout_basic
D:3:      layout_loops_ring, uniq_terence
D:4:      layout_basic, mainiacjoe_overflow_alcove_4
D:5:      layout_cave_pools, gup_sewer_entry_bowl, serial_column_ruins,
          column_ruins_open_medium, column_ruins_grid_1, column_ruins_open_tiny,
          column_ruins_columns_corner, column_ruins_columns_straight
D:6:      layout_basic, minmay_temple_entry_statues
D:7:      layout_layer_cave
D:8:      minmay_skewed_foursquare, layout_basic, chequers_serial_rivers_micro_a
D:9:      minmay_distorted_concentric_squares, layout_rooms, disabler_island

Skill      XL: |  1  2  3  4  5  6  7  8  9 |
---------------+----------------------------+-----
Axes           | 4 5 6 7 8 9 |  9.3
Fighting       | 4 5 6 7 8 9 |  9.3
Armour         | 3 4 5 6 7 8 |  8.9
Shields        | 2 5 8 |  8.3
Dodging        | |  2.1

Action                   |  1- 3 |  4- 6 |  7- 9 || total
-------------------------+-------+-------+-------++-------
Melee: Hand axe          |    60 |   108 |   110 ||   278
       Headbutt          |    10 |    18 |    48 ||    76
       Punch             |     1 |     3 |       ||     4
       War axe           |       |       |   175 ||   175
Invok: Berserk           |       |     4 |    13 ||    17
       Trog's Hand       |       |     1 |       ||     1
Armor: Animal skin       |    12 |    14 |    63 ||    89
       Chain mail        |       |       |    27 ||    27
Dodge: Dodged            |    39 |    55 |   134 ||   228
Block: Kite shield       |       |       |    93 ||    93
